 Dungeon Sprint DCSS version 0.20.1-1-g8b1a95d (console) character file.

54 hilaritas the Shield-Bearer (level 4, -2/31 HPs)
             Began as a Gargoyle Fighter on Mar 12, 2018.
             Was a Follower of Uskayaw.
             Slain by a tarantella (4 damage)
             ... in the Dungeon (Sprint VI: "Thunderdome").
             The game lasted 00:04:45 (370 turns).

hilaritas the Shield-Bearer (Gargoyle Fighter)       Turns: 370, Time: 00:04:46

Health: -2/31      AC: 12    Str: 21    XL:     4   Next: 19%
Magic:  0/6        EV:  5    Int: 15    God:    Uskayaw [*.....]
Gold:   40         SH:  0    Dex:  9    Spells: 3/3 levels left

rFire    . . .     SeeInvis .   a - +0 flail
rCold    . . .     Gourm    .   c - +0 shield
rNeg     + . .     Faith    .   q - +0 chain mail (curse)
rPois    ∞         Spirit   +   (no helmet)
rElec    +         Reflect  .   (no cloak)
rCorr    .         Harm     .   (no gloves)
MR       .....     NoTele   +   (no boots)
Stlth    ..........             s - amulet "Gutwar Xubo" {Spirit Int+7}
Regen    0.1/turn               (no ring)
MPRegen  0.1/turn               (no ring)

@: confused
A: negative energy resistance 1, electricity resistance, unbreathing,
petrification resistance, rot immunity, AC +3
a: Stomp, Renounce Religion


You were in the Dungeon.
You worshipped Uskayaw.
Uskayaw was noncommittal.
You were not hungry.

You visited 1 branch You collected 280 gold pieces.
You spent 240 gold pieces at shops.

Inventory:

Hand Weapons
 a - a +0 flail (weapon)
Armour
 c - a +0 shield (worn)
 q - a cursed +0 chain mail (worn)
Jewellery
 r - the ring of Etyni {Fire rElec Dex+3}
   (You bought it in a shop in the Dungeon)

   [ring of fire]

   It enhances your fire magic.
   It affects your dexterity (+3).
   It protects you from fire.
   It makes you vulnerable to cold.
   It insulates you from electricity.
 s - the amulet "Gutwar Xubo" (around neck) {Spirit Int+7}
   (You bought it in a shop in the Dungeon)

   [amulet of guardian spirit]

   It causes incoming damage to be split between your health and magic.
   It affects your intelligence (+7).
Wands
 m - a wand of acid (5/15)
 n - a wand of iceblast (5/15)
Scrolls
 b - a scroll of identify
 k - 4 scrolls of blinking
 o - 3 scrolls of fog
Potions
 d - a potion of might
 g - 2 potions of heal wounds
 h - 4 potions of haste
 i - a potion of magic
 j - a potion of berserk rage
 l - a potion of resistance
Comestibles
 f - a bread ration
 p - a chunk of flesh


   Skills:
 + Level 5.2 Fighting
 * Level 4.8 Maces & Flails
 - Level 3.2 Armour
 + Level 5.2 Shields
 * Level 3.7 Invocations


You had 3 spell levels left.
You didn't know any spells.

Dungeon Overview and Level Annotations

Branches:
Dungeon (1/1)

Altars:
Cheibriados
Dithmenos
Fedhas
Gozag
Kikubaaqudgha
Makhleb
Okawaru
Qazlal
Ru
Sif Muna
Trog
Uskayaw
Vehumet
Xom
Yredelemnul
Zin
The Shining One
Beogh
Jiyva
Lugonu

Shops:
D *[%??*?*:[((!!!!


Innate Abilities, Weirdness & Mutations

You are resistant to torment.
Your stone body is resilient. (AC +3)
You are immune to poison.
You resist negative energy. (rN+)
You are resistant to electric shocks. (rElec)
You can survive without breathing.
You are immune to petrification.
You are immune to rotting.


Message History

The tarantella is lightly wounded.
The tarantella bites you but does no damage.
Unknown command.
You don't have enough magic at the moment.
Unknown command.
Magic courses through your body. The tarantella bites you.
You are confused.
The tarantella bites you but does no damage.
You're too confused!
Okay, then.
The tarantella barely misses you. The tarantella bites you!
* * * LOW HITPOINT WARNING * * *
The tarantella bites you.
* * * LOW HITPOINT WARNING * * *
You are more confused.
Unknown command.
The tarantella bites you but does no damage.
The tarantella bites you.
You die...

#_..... #_.....
###....†.
#⌠.......
######.8......
##∩___......###
###∩........8.# #
##.............###
#⌠..........###.†.
#⌠s.........# #.<.
#@..........###...
##....[.......†###
###∩........8.# #
##∩_........###
######÷8......
#⌠.......
###...... #_.....
#_..... #_.....
#∩.....


You could see a tarantella.

Vanquished Creatures
  Terence (D)
  4 adders (D)
  A leopard gecko (D)
  A goblin (D)
  2 ball pythons (D)
  A frilled lizard (D)
  A rat (D)
11 creatures vanquished.

Notes
Turn   | Place    | Note
-------+----------+-------------------------------------------
     0 | D        | hilaritas the Gargoyle Fighter began the quest for the Orb.
     0 | D        | Reached XP level 1. HP: 14/14 MP: 1/1
     1 | D        | Found a deep blue altar of Sif Muna.
     1 | D        | Found an ancient bone altar of Kikubaaqudgha.
     2 | D        | Found a hide-covered altar of Uskayaw.
     2 | D        | Found a glowing silver altar of Zin.
     3 | D        | Found an iron altar of Okawaru.
     4 | D        | Found Wicuem's Distillery.
     4 | D        | Found a stormy altar of Qazlal.
     4 | D        | Found a viscous altar of Jiyva.
     4 | D        | Found Xoasaef's Do-It-Yourself Clinic.
     5 | D        | Found Veuxtuf's Distillery.
     5 | D        | Found Veghits's Bottled Wisdom.
     5 | D        | Found a bloodstained altar of Trog.
     5 | D        | Round 1.
    10 | D        | Became a worshipper of Uskayaw the Reveler
    48 | D        | Found a roughly hewn altar of Beogh.
    48 | D        | Found a basalt altar of Yredelemnul.
    48 | D        | Found Tudwap Helo's Weapon Rack.
    48 | D        | Found Lacvoa Hely's Basic Armour.
    49 | D        | Found Otacuest's Miscellaneous Merchandise.
    54 | D        | Found Gonuelim's Premium Goods.
    54 | D        | Found a shimmering altar of Xom.
    54 | D        | Found a sacrificial altar of Ru.
    54 | D        | Found a shadowy altar of Dithmenos.
    67 | D        | Found a glowing golden altar of the Shining One.
    67 | D        | Found Myer's Identification Station.
    68 | D        | Found Jeor's Advanced Armour.
    68 | D        | Found Ahuup's Jewellery.
    69 | D        | Noticed Terence
    70 | D        | Found a radiant altar of Vehumet.
    70 | D        | Found a snail-covered altar of Cheibriados.
    70 | D        | Found an opulent altar of Gozag.
    70 | D        | Found Quecutodgh's Bee Food.
    73 | D        | Reached * piety under Uskayaw
    76 | D        | Reached ** piety under Uskayaw
    81 | D        | Killed Terence
    81 | D        | Reached XP level 2. HP: 14/20 MP: 2/4
    81 | D        | Reached XP level 3. HP: 17/24 MP: 2/5
    81 | D        | Reached *** piety under Uskayaw
   160 | D        | Bought 3 scrolls of identify for 150 gold pieces
   167 | D        | Bought a transparent iron ring for 45 gold pieces
   169 | D        | Found a corrupted altar of Lugonu.
   175 | D        | Arena points: 12 (+12) [x2]
   187 | D        | Found a burning altar of Makhleb.
   187 | D        | Found a blossoming altar of Fedhas.
   187 | D        | Found Raiseoq's Magic Scroll Shop.
   187 | D        | Found Majot's Magic Scroll Shop.
   188 | D        | Found Cepoisu's Must-Have Magic.
   189 | D        | Round 2.
   190 | D        | Found Ihaorauplu's Staff Store.
   209 | D        | Identified the ring of Etyni {Fire rElec Dex+3} (You bought it in a shop in the Dungeon)
   243 | D        | Reached skill level 5 in Fighting
   243 | D        | Reached skill level 5 in Shields
   255 | D        | Reached XP level 4. HP: 27/31 MP: 6/6
   326 | D        | Arena points: 54 (+42) [x3]
   341 | D        | Bought an ancient bronze amulet for 45 gold pieces
   341 | D        | Identified the amulet "Gutwar Xubo" {Spirit Int+7} (You bought it in a shop in the Dungeon)
   352 | D        | Round 3.
   353 | D        | Noticed a tarantella
   357 | D        | HP: 3/31 [tarantella (10)]
   368 | D        | HP: 2/31 [tarantella (4)]
   370 | D        | Slain by a tarantella

Skill      XL: |  1  2  3 |
---------------+----------+-----
Fighting       | 4 5 |  5.2
Maces & Flails | 3 4 |  4.8
Shields        | 4 5 |  5.2
Invocations    | 2 3 |  3.7
Armour         | |  3.2

Action                   |  1- 3 |  4- 6 || total
-------------------------+-------+-------++-------
Melee: Flail             |    60 |    32 ||    92
  Use: Potion            |     1 |     3 ||     4
       Scroll            |     1 |     1 ||     2
Armor: Scale mail        |     8 |       ||     8
       Chain mail        |    30 |    26 ||    56
Dodge: Dodged            |    12 |    11 ||    23
Block: Shield            |    39 |    15 ||    54
